 Dungeon Crawl Stone Soup version 0.26.0-45-g9c1d065592 (webtiles) character file.

Game seed: 3459861691402928503

254 oldmanjim the Bolt Thrower (level 5, -6/48 HPs)
             Began as a Minotaur Hunter on Jan 30, 2021.
             Killed by nerve-wracking pain
             ... invoked by a shadow imp
             ... summoned by Shayle's ghost
              (9 damage)
             ... on level 3 of the Dungeon.
             The game lasted 00:09:51 (2644 turns).

oldmanjim the Bolt Thrower (Minotaur Hunter)        Turns: 2644, Time: 00:09:56

Health: -6/48      AC:  4    Str: 18    XL:     5   Next: 90%
Magic:  4/4        EV: 12    Int:  8    God:
Gold:   113        SH:  0    Dex: 10    Spells: 4/4 levels left

rFire    . . .     SeeInvis .   a - +1 hand crossbow
rCold    . . .     Faith    .   (no shield)
rNeg     . . .     Spirit   .   c - +0 leather armour
rPois    .         Reflect  .   (helmet restricted)
rElec    .         Harm     .   (no cloak)
rCorr    .         Rampage  .   j - +0 pair of gloves
Will     .....                  (no boots)
Stlth    +.........             (no amulet)
HPRegen  0.16/turn              (no ring)
MPRegen  0.09/turn              (no ring)

@: lethally poisoned (-6 -> -10), hasted, very quick
A: retaliatory headbutt, horns 2
a: no special abilities


You were on level 3 of the Dungeon.
You visited 1 branch of the dungeon, and saw 3 of its levels.

You collected 113 gold pieces.

Inventory:

Hand Weapons
 a - a +1 hand crossbow (weapon)
 b - a +0 short sword
Missiles
 d - 14 bolts (quivered ammo)
Armour
 c - a +0 leather armour (worn)
 j - a +0 pair of gloves (worn)
 m - a +0 scale mail
Jewellery
 g - a +4 ring of evasion {unknown}
 l - an uncursed ring of stealth {unknown}
Scrolls
 e - 2 scrolls of identify {unknown}
 f - a scroll of random uselessness {unknown}
 k - a scroll of remove curse {unknown}
Potions
 h - 2 potions of curing
 i - a potion of heal wounds {unknown}
 n - a potion of invisibility {unknown}
 p - a potion of flight {unknown}


   Skills:
 + Level 5.3 Fighting
 + Level 6.2 Crossbows
 - Level 3.0 Dodging
 - Level 0.7 Stealth


You had 4 spell levels left.
You didn't know any spells.
Your spell library was empty.

Dungeon Overview and Level Annotations

Branches:
Dungeon (3/15)

Altars:
Cheibriados
Hepliaklqana
Uskayaw
Yredelemnul
The Shining One

Annotations:
D:3 Shayle's ghost, amateur OgWz


Innate Abilities, Weirdness & Mutations

You reflexively headbutt those who attack you in melee.
You have a pair of horns on your head.


Message History

* * * LOW HITPOINT WARNING * * *
Shayle's ghost mumbles some strange words.
Fire: 15 bolts
Press: ? - help, Q - select action Shift-Dir - straight line, f/p - Shayle's ghost
Aim: Shayle's ghost (heavily damaged, 66% to hit)
You shoot a bolt. The bolt hits Shayle's ghost!
Shayle's ghost is heavily damaged.
The adder bites you but does no damage. The adder misses you.
Shayle's ghost gestures wildly while chanting.
The white imp gestures at you. The puff of frost hits you!
* * * LOW HITPOINT WARNING * * *
It was a potion of haste.
You feel yourself speed up. The adder bites you.
* * * LOW HITPOINT WARNING * * *
You are lethally poisoned!
The adder poisons you! Shayle's ghost completely misses you.
The white imp hits you but does no damage.
The shadow imp gestures at you. Pain shoots through your body!
You die...

?..# ....## ....##
.)..### #.....# #
#.....#
#..#.##5....#
#.).5S@5...###
#...#W#......#
#...#≈#..#†#.#
#..##≈####.#.#####
#. #≈ #.#.....# #
#≈ #..# #!#####.#
#≈#.....##
#####..#


You could see Shayle's ghost, a crimson imp (summoned), an adder, a white imp
(summoned) and a shadow imp (summoned).

Vanquished Creatures
  A phantom (D:2)
  6 adders
  4 gnolls (D:2)
  3 oozes
  3 worms (D:2)
  2 dart slugs
  A leopard gecko (D:2)
  5 bats
  6 goblins
  6 hobgoblins
  3 jackals (D:2)
  A ball python (D:2)
  2 frilled lizards
  8 kobolds
  7 rats
58 creatures vanquished.

Vanquished Creatures (others)
  A kobold (D:2)
1 creature vanquished.

Grand Total: 59 creatures vanquished

Notes
Turn   | Place    | Note
-------+----------+-------------------------------------------
     0 | D:1      | oldmanjim the Minotaur Hunter began the quest for the Orb.
     0 | D:1      | Reached XP level 1. HP: 18/18 MP: 0/0
    86 | D:1      | Reached XP level 2. HP: 25/25 MP: 1/1
  1109 | D:2      | Reached XP level 3. HP: 31/31 MP: 2/2
  1313 | D:2      | Reached skill level 5 in Crossbows
  1317 | D:2      | Reached XP level 4. HP: 20/40 MP: 3/3
  1678 | D:2      | Found a hazy altar of Hepliaklqana.
  1959 | D:2      | Found a glowing golden altar of the Shining One.
  2073 | D:2      | Found a snail-covered altar of Cheibriados.
  2101 | D:2      | Found a basalt altar of Yredelemnul.
  2104 | D:2      | Noticed a profane servitor
  2171 | D:2      | Reached XP level 5. HP: 47/47 MP: 4/4
  2194 | D:2      | Found a hide-covered altar of Uskayaw.
  2227 | D:2      | Noticed a phantom
  2315 | D:2      | Killed a phantom
  2316 | D:2      | Reached skill level 5 in Fighting
  2316 | D:2      | Reached skill level 6 in Crossbows
  2622 | D:3      | Found a runed translucent door.
  2627 | D:3      | Noticed Shayle's ghost (amateur OgWz)
  2644 | D:3      | Killed from afar by a shadow imp

Illustrated notes

Levels and vault maps discovered:
D:1:      dpeg_arrival_more_subterranean_lakeside_camping, layout_loops_ring
D:2:      layout_loops_ring, grunt_temple_overflow_holy_war,
          lemuel_coloured_pillars_altar, eat_drink_and_be_merry_uskayaw,
          nicolae_overflow_hidden_temple
D:3:      minmay_diamond_boxcup, layout_basic, nicolae_overflow_crystal_walls,
          chequers_temple_overflow_minitemple, ebering_ghost_sewer_d,
          uniq_grinder

Skill      XL: |  1  2  3  4  5 |
---------------+----------------+-----
Fighting       | 3 4 5 |  5.3
Dodging        | 3 |  3.0
Crossbows      | 5 6 |  6.2
Stealth        | |  0.7

Action                   |  1- 3 |  4- 6 || total
-------------------------+-------+-------++-------
Melee: Short sword       |    77 |    90 ||   167
       Headbutt          |    14 |    14 ||    28
 Fire: Hand crossbow     |     8 |    13 ||    21
  Use: Potion            |       |     2 ||     2
 Stab: Sleeping          |     1 |       ||     1
Armor: Leather armour    |    19 |    33 ||    52
Dodge: Dodged            |    46 |    66 ||   112
